 Dungeon Crawl Stone Soup version 0.27.1-35-g4d5d836560 (webtiles) character file.

Game seed: 18208771603837989905

235 Delamore the Sneak (level 6, -3/39 HPs)
             Began as an Octopode Brigand on May 1, 2022.
             Slain by a sky beast (5 damage)
             ... on level 3 of the Dungeon.
             The game lasted 00:02:45 (2724 turns).

Delamore the Sneak (Octopode Brigand)               Turns: 2724, Time: 00:02:45

Health: -3/39      AC:  1    Str: 10    XL:     6   Next: 5%
Magic:  6/6        EV: 13    Int: 14    God:
Gold:   74         SH:  0    Dex: 21    Spells: 5/5 levels left

rFire    . . .     SeeInvis .   n - +0 dagger (speed)
rCold    . . .     Faith    .   (no shield)
rNeg     . . .     Spirit   .   (helmet restricted)
rPois    .         Reflect  .   (no amulet)
rElec    .         Harm     .   h - +6 ring of dexterity
rCorr    .         Rampage  .   (no ring)
Will     .....                  (no ring)
Stlth    +++++.....             (no ring)
HPRegen  0.13/turn              (no ring)
MPRegen  0.10/turn              (no ring)
                                (no ring)
                                (no ring)

@: flying
A: almost no armour, amphibious, 8 rings, camouflage 1, gelatinous body 1,
(nimble swimmer 1), tentacles
a: no special abilities


You were on level 3 of the Dungeon.
You visited 1 branch of the dungeon, and saw 3 of its levels.

You collected 74 gold pieces.

Inventory:

Hand Weapons
 a - a +2 dagger
 n - a +0 dagger of speed (weapon)
Missiles
 b - 5 poisoned darts (quivered)
 c - a curare-tipped dart
Jewellery
 h - a +6 ring of dexterity (left tentacle)
 p - a ring of ice
Scrolls
 e - a scroll of blinking {unknown}
 i - a scroll of identify {unknown}
 j - a scroll of teleportation
 k - a scroll of fog {unknown}
 m - a scroll of summoning {unknown}
 o - a scroll of fear {unknown}
 s - a scroll of immolation
Potions
 d - a potion of flight
 f - a potion of lignification {unknown}
 g - a potion of invisibility {unknown}
 l - a potion of brilliance {unknown}
 q - a potion of berserk rage {unknown}
 r - a potion of attraction {unknown}


   Skills:
 - Level 2.0 Fighting
 * Level 5.1 Short Blades
 - Level 2.0 Throwing
 - Level 1.0 Dodging
 + Level 7.1 Stealth


You had 5 spell levels left.
You didn't know any spells.
Your spell library contained the following spells:

 Spells                   Type           Power      Damage    Failure   Level
 Magic Dart               Conj           0%         1d3       28%         1
 Call Imp                 Summ           0%         N/A       41%         2
 Slow                     Hex            0%         N/A       41%         2
 Confusing Touch          Hex            0%         N/A       65%         3
 Mephitic Cloud           Conj/Pois/Air  0%         N/A       65%         3
 Vampiric Draining        Necr           0%         2d6       65%         3


Dungeon Overview and Level Annotations

Branches:
Dungeon (3/15)

Altars:
Elyvilon
Kikubaaqudgha

Annotations:
D:3 1 runed translucent door, Delamore's ghost, amateur OpBr; Robin


Innate Abilities, Weirdness & Mutations

You cannot wear most types of armour.
You are amphibious.
You can wear up to eight rings at the same time.
Your skin changes colour to match your surroundings (Stealth+).
Your rubbery body absorbs attacks. (AC +1, EV +1)
((You are camouflaged near water. (Stealth+)))
You have tentacles for arms and can constrict up to eight enemies at once.


Message History

Press: ? - help, Q - select action, (/) - cycle Shift-Dir - straight line You throw a poisoned dart.
You start waiting.
A sky beast appears from thin air!
Reactivating autopickup.
Throw: 7 darts (poison)
Press: ? - help, Q - select action, (/) - cycle Shift-Dir - straight line, f - sky beast
Aim: a sky beast (severely wounded, 54% to hit)
You throw a poisoned dart. The poisoned dart hits the sky beast.
The sky beast is poisoned.
The sky beast is severely wounded.
Throw: 6 darts (poison)
Press: ? - help, Q - select action, (/) - cycle Shift-Dir - straight line, f/p - sky beast
Aim: a sky beast (severely wounded, poisoned, 54% to hit)
You throw a poisoned dart. The poisoned dart hits the sky beast.
The sky beast is severely wounded.
You miss the sky beast.
The sky beast is almost dead.
The sky beast hits you. The sky beast shocks you.
You hit the sky beast but do no damage. Your squeeze misses the sky beast.
The sky beast is almost dead.
You barely miss the sky beast. Your squeeze misses the sky beast.
The sky beast is almost dead.
The sky beast flickers out of sight!
Deactivating autopickup; reactivate with Ctrl-A.
Something hits you. Something shocks you.
You miss something. Your squeeze misses something. You miss something.
Something hits you. Something shocks you.
You hit something but do no damage. You completely miss something.
Your squeeze misses something. You miss something. Something hits you.
* * * LOW HITPOINT WARNING * * *
Something shocks you.
* * * LOW HITPOINT WARNING * * *
It was a potion of flight.
You feel very buoyant.
You fly up into the air.
Something hits you.
* * * LOW HITPOINT WARNING * * *
Something shocks you.
You die...

..........#.........#†...........
##........###.##.................
.............................>###
##..........#.##.###.............
##........#.#.##.##..)...........
###..####.#.#.##.##..#......#.#..
..............................)..
###..##..........##..#.....#..#..
.....##.#.#.....@##.<............
.....##.#.#.....)..((...(.....##.
''######.......#.##.....#..#..#
...')..#..................#######
PP.'._.##..###.#.#...####.#.....#
...'...#..................+≈≈≈≈W#
''#######.................#.....#
.....#..............#...#.#######
...............###......#.....#


There were no monsters in sight!

Vanquished Creatures
  A steam dragon (D:3)
  An adder (D:2)
  3 gnolls (D:2)
  A dart slug (D:1)
  An orc (D:3)
  6 ball pythons
  3 endoplasms (D:3)
  2 giant cockroaches
  8 goblins
  11 hobgoblins
  6 jackals
  5 kobolds
  2 quokkas (D:1)
  5 bats
  8 frilled lizards
  3 rats
66 creatures vanquished.

Notes
Turn   | Place    | Note
-------+----------+-------------------------------------------
     0 | D:1      | Delamore the Octopode Brigand began the quest for the Orb.
     0 | D:1      | Reached XP level 1. HP: 14/14 MP: 1/1
    77 | D:1      | Reached XP level 2. HP: 9/19 MP: 2/2
   434 | D:1      | Found a faded altar of an unknown god.
   501 | D:1      | Reached XP level 3. HP: 16/24 MP: 3/3
  1239 | D:2      | Reached skill level 6 in Stealth
  1245 | D:2      | Reached XP level 4. HP: 22/29 MP: 4/4
  1950 | D:3      | Noticed a steam dragon
  1960 | D:3      | Killed a steam dragon
  1961 | D:3      | Reached skill level 7 in Stealth
  1961 | D:3      | Reached XP level 5. HP: 32/34 MP: 5/5
  2024 | D:3      | Reached skill level 5 in Short Blades
  2152 | D:3      | Found a runed translucent door.
  2157 | D:3      | Noticed Delamore's ghost (amateur OpBr)
  2206 | D:3      | Found an ancient bone altar of Kikubaaqudgha.
  2211 | D:3      | Found a white marble altar of Elyvilon.
  2445 | D:3      | Reached XP level 6. HP: 29/39 MP: 6/6
  2576 | D:3      | Noticed a sky beast
  2645 | D:3      | Noticed Robin
  2724 | D:3      | Slain by a sky beast

Illustrated notes

Levels and vault maps discovered:
D:1:      dpeg_arrival_three_same_balls, layout_loops_ring,
          dreamdust_ecumenical_altar_hidden_monk_grotto
D:2:      layout_basic
D:3:      layout_basic, mainiacjoe_overflow_big_doors,
          ebering_ghost_reflecting_pool, uniq_robin

Skill      XL: |  1  2  3  4  5 |
---------------+----------------+-----
Short Blades   | 3 4 5 |  5.1
Stealth        | 6 7 |  7.1
Fighting       | |  2.0
Throwing       | |  2.0
Dodging        | |  1.0

Action                   |  1- 3 |  4- 6 || total
-------------------------+-------+-------++-------
Melee: Dagger            |    46 |    73 ||   119
       Constrict         |     9 |    11 ||    20
       Tentacles         |     6 |    16 ||    22
Throw: Dart              |     2 |    11 ||    13
  Use: Scroll            |       |     2 ||     2
       Potion            |       |     1 ||     1
 Stab: Sleeping          |    15 |    12 ||    27
       Distracted        |     1 |     1 ||     2
Armor: Skin              |     1 |     2 ||     3
Dodge: Dodged            |    12 |    25 ||    37
